 Dungeon Crawl Stone Soup version 0.29-a0-520-gc852659d43 (webtiles) character file.

Game seed: 368482472996949033

1626 happo123 the Sneak (level 9, -1/50 (51) HPs)
             Began as a Kobold Enchanter on June 1, 2022.
             Was a Believer of Dithmenos.
             Slain by a wight
             ... wielding a +4 spear
              (3 damage)
             ... on level 8 of the Dungeon.
             The game lasted 00:31:46 (8587 turns).

happo123 the Sneak (Kobold Enchanter)               Turns: 8587, Time: 00:31:47

HP:   -1/50 (51)    AC:  8    Str:  5    XL:     9   Next: 17%
MP:   10/15         EV: 19    Int: 24    God:    Dithmenos [**....]
Gold: 401           SH:  5    Dex: 16    Spells: 8/16 levels left

rFire   . . .      SeeInvis .   A - +2 dagger (pain)
rCold   + . .      Faith    .   (no shield)
rNeg    . . .      Spirit   .   v - +1 leather armour "Miyfott" {+Blink rC+ rCorr Int+4 Slay-2}
rPois   .          Reflect  +   (no helmet)
rElec   .          Harm     .   (no cloak)
rCorr   +          Rampage  .   (no gloves)
Will    .....                   (no boots)
Stlth   +++++.....              I - amulet of reflection
HPRegen 0.16/turn               E - +4 ring of evasion
MPRegen 0.14/turn               y - +4 ring of protection

@: confusing by touch, wreathed by umbra, lightly drained
A: small, no large weapons, nightstalker 3
a: Renounce Religion, Evoke Blink, Shadow Step


You were on level 8 of the Dungeon.
You worshipped Dithmenos.
Dithmenos was pleased with you.
You visited 2 branches of the dungeon, and saw 9 of its levels.

You collected 401 gold pieces.

Inventory:

Hand Weapons
 a - a +1 dagger
 f - a +2 dagger of venom
 A - a +2 dagger of pain (weapon)
Armour
 b - a +0 robe
 v - the +1 leather armour "Miyfott" (worn) {+Blink rC+ rCorr Int+4 Slay-2}
   (You found it on level 4 of the Dungeon)

   Int:       It affects your intelligence (+4).
   Slay:      It affects your accuracy & damage with ranged weapons and melee
   (-2).
   rC:        It protects you from cold.
   +Blink:    It lets you blink.
   rCorr:     It protects you from acid and corrosion.
Magical Staves
 t - a staff of death
Jewellery
 e - an amulet of magic regeneration
 r - a ring of protection from cold
 y - a +4 ring of protection (right hand)
 E - a +4 ring of evasion (left hand)
 I - an amulet of reflection (around neck)
Wands
 x - a wand of polymorph (15)
Scrolls
 d - a scroll of fear {unknown}
 g - 3 scrolls of torment
 h - 2 scrolls of identify
 l - 3 scrolls of enchant weapon
 s - 3 scrolls of teleportation
 w - 3 scrolls of fog
 B - a scroll of brand weapon {unknown}
 F - 2 scrolls of immolation {unknown}
 G - a scroll of silence {unknown}
 H - a scroll of summoning {unknown}
Potions
 c - 4 potions of invisibility
 i - a potion of degeneration {unknown}
 j - 2 potions of might {unknown}
 k - 2 potions of resistance {unknown}
 m - 5 potions of curing
 n - 3 potions of heal wounds
 o - 5 potions of berserk rage
 p - a potion of cancellation {unknown}
 q - a potion of haste {unknown}
 u - a potion of attraction {unknown}
 z - 2 potions of mutation {unknown}
 C - a potion of ambrosia {unknown}
 D - 2 potions of flight {unknown}


   Skills:
 + Level 3.3 Fighting
 + Level 5.2 Short Blades
 + Level 1.9 Armour
 + Level 5.0 Dodging
 + Level 6.6 Stealth
 + Level 4.3 Spellcasting
 * Level 5.8 Hexes
 + Level 1.4 Ice Magic
 + Level 2.7 Invocations
 + Level 3.0 Evocations


You had 8 spell levels left.
You knew the following spells:

 Your Spells              Type           Power      Damage    Failure   Level
a - Ensorcelled Hibernat  Hex/Ice        44%        N/A       5%          2
b - Confusing Touch       Hex            33%        N/A       4%          3
c - Tukima's Dance        Hex            33%        N/A       4%          3

Your spell library contained the following spells:

 Spells                   Type           Power      Damage    Failure   Level
 Freeze                   Ice            48%        1d7       9%          1
 Dazzling Flash           Conj/Hex       38%        N/A       14%         3
 Apportation              Tloc           10%        N/A       16%         1
 Necrotize                Necr           20%        1d5       16%         1
 Summon Small Mammal      Summ           20%        N/A       16%         1
 Frozen Ramparts          Ice            24%        1d4       26%         3
 Anguish                  Hex/Necr       9%         N/A       41%         4
 Gell's Gravitas          Tloc           5%         N/A       43%         3
 Lesser Beckoning         Tloc           5%         N/A       43%         3
 Spider Form              Tmut/Pois      5%         N/A       43%         3
 Teleport Other           Tloc           5%         N/A       43%         3
 Metabolic Englaciation   Hex/Ice        11%        N/A       67%         5
 Hailstorm                Conj/Ice       8%         3d4       75%         4
 Petrify                  Tmut/Erth      5%         N/A       83%         4
 Statue Form              Tmut/Erth      3%         N/A       100%        6


Dungeon Overview and Level Annotations

Branches:
Dungeon (8/15)             Temple (1/1) D:4
   Lair: D:8-11

Altars:
Ashenzari
Cheibriados
Dithmenos
Elyvilon
Gozag
Hepliaklqana
Kikubaaqudgha
Makhleb
Nemelex Xobeh
Okawaru
Qazlal
Ru
Trog
Uskayaw
Vehumet
Wu Jian
Xom
Yredelemnul
Zin
The Shining One

Shops:
D:3 *   D:5 =(   D:7 *

Annotations:
D:8 Erica


Innate Abilities, Weirdness & Mutations

You are small and have problems with some larger weapons.
You are completely attuned to the shadows.


Message History

The bolt of poison misses you.
Casting: Ensorcelled Hibernation (safe; 5% risk of failure)
Confirm with . or Enter, or press ? or * to list all spells.
You miscast Confusing Touch.
You are very lightly contaminated with residual magic.
Nothing appears to happen.
The wight barely misses you. Erica completely misses you.
You hit Erica.
Erica is lightly wounded.
The wight misses you. Erica completely misses you.
You closely miss Erica.
Erica is lightly wounded.
You hit Erica but do no damage.
Erica is lightly wounded.
Erica casts a spell at you.
You are confused.
The wight barely misses you. The wight closely misses you.
You bump into the rock wall.
The wight barely misses you.
The wight hits you from afar with a +4 spear.
The wight hits you with a +2 falchion! Erica barely misses you.
Erica attacks as you move away! Erica closely misses you.
The wight attacks as you move away! The wight hits you but does no damage.
The wight attacks as you move away! The wight misses you.
You bump into the rock wall.
You feel less confused. The wight closely misses you.
You block the wight's attack.
Your magical contamination has completely faded away.
Casting: Confusing Touch (dangerous; 4% risk of failure)
Confirm with . or Enter, or press ? or * to list all spells.
Your hands begin to glow red.
The wight hits you with a +3 falchion of freezing!
* * * LOW HITPOINT WARNING * * *
The wight freezes you.
* * * LOW HITPOINT WARNING * * *
The wight completely misses you.
You hit the wight but do no damage. You block the wight's attack.
The wight hits you from afar with a +4 spear!
* * * LOW HITPOINT WARNING * * *
You feel drained.
You die...

#.# #.>..... #.#
#...$... #.#
+....[.. #.#
#.@..... #.#
#zzz.z.. #.#
##z##### #.# #z#
#.# #### #@# #.#
#... #.# #.# #.#.
#.# #.# #.#. #.#
#.# #.#. #.# ###.#
#.#. #.# #...#
#.#. #.######.###
#.#.
#..........####.#.
########<#......#.


You could see Erica and 5 wights.

Vanquished Creatures
  A black bear (D:6)
  An ogre (D:4)
  2 phantoms
  4 bullfrogs
  2 necrophages (D:4)
  A scorpion (D:5)
  A howler monkey (D:5)
  6 hounds
  A jelly (D:6)
  4 orc priests
  A gnoll shaman (D:7)
  3 iguanas
  5 orc wizards
  6 adders
  3 gnolls (D:7)
  2 white imps (D:6)
  4 ufetubi
  2 dart slugs
  28 orcs
  5 bats
  8 endoplasms
  2 giant cockroaches
  10 goblins
  10 hobgoblins
  6 jackals
  4 quokkas
  4 ball pythons
  4 frilled lizards
  8 kobolds
  6 rats
144 creatures vanquished.

Vanquished Creatures (others)
  A plant (D:4)
1 creature vanquished.

Grand Total: 145 creatures vanquished

Notes
Turn   | Place    | Note
-------+----------+-------------------------------------------
     0 | D:1      | happo123 the Kobold Enchanter began the quest for the Orb.
     0 | D:1      | Reached XP level 1. HP: 10/10 MP: 3/3
   284 | D:1      | Reached XP level 2. HP: 15/15 MP: 5/5
   287 | D:1      | Learned a level 2 spell: Ensorcelled Hibernation
   573 | D:1      | Found a faded altar of an unknown god.
   716 | D:1      | Reached XP level 3. HP: 19/19 MP: 6/6
   720 | D:1      | Learned a level 3 spell: Confusing Touch
  1777 | D:2      | Reached XP level 4. HP: 24/24 MP: 7/7
  2567 | D:3      | Found a stormy altar of Qazlal.
  2569 | D:3      | Found a sacrificial altar of Ru.
  2579 | D:3      | Found an opulent altar of Gozag.
  2718 | D:3      | Found Enerug's General Store.
  2908 | D:4      | Found a staircase to the Ecumenical Temple.
  2917 | Temple   | Entered the Ecumenical Temple
  3192 | Temple   | Became a worshipper of Dithmenos the Shadowed
  3274 | D:4      | Found a broken altar of Ashenzari.
  3394 | D:4      | Reached XP level 5. HP: 25/28 MP: 7/9
  3421 | D:4      | Reached skill level 5 in Stealth
  3590 | D:4      | Reached skill level 1 in Fighting
  3590 | D:4      | Reached XP level 6. HP: 31/34 MP: 10/10
  3643 | D:4      | Learned a level 3 spell: Tukima's Dance
  4194 | D:4      | Noticed an ogre
  4199 | D:4      | Killed an ogre
  4218 | D:4      | Identified the +1 leather armour "Miyfott" {+Blink rC+
                  | rCorr Int+4 Slay-2}
  4474 | D:4      | Found a radiant altar of Vehumet.
  4795 | D:4      | Reached XP level 7. HP: 31/40 MP: 12/12
  4953 | D:5      | Entered Level 5 of the Dungeon
  4953 | D:5      | You fall into a shaft and drop 3 floors!
  4956 | D:7      | Found Otaru's Assorted Antiques.
  5259 | D:5      | Reached * piety under Dithmenos
  5279 | D:5      | Reached skill level 1 in Invocations
  5325 | D:5      | Found Xowaufeq's Weapon Boutique.
  5445 | D:5      | Reached skill level 1 in Evocations
  5492 | D:5      | Found Haoghyt's One-of-a-Kind Rings.
  5709 | D:5      | Found a hazy altar of Hepliaklqana.
  5956 | D:6      | Reached skill level 1 in Armour
  5956 | D:6      | Reached XP level 8. HP: 42/45 MP: 10/13
  6277 | D:6      | Reached skill level 5 in Hexes
  6329 | D:6      | Reached skill level 6 in Stealth
  6709 | D:6      | Reached ** piety under Dithmenos
  6929 | D:6      | Found a glowing golden altar of the Shining One.
  7381 | D:7      | Reached skill level 5 in Short Blades
  7381 | D:7      | Reached skill level 1 in Ice Magic
  7381 | D:7      | Reached XP level 9. HP: 47/50 MP: 15/15
  7610 | D:7      | Found a glowing silver altar of Zin.
  7610 | D:7      | Found an ancient bone altar of Kikubaaqudgha.
  7916 | D:7      | Reached skill level 5 in Dodging
  8574 | D:8      | Noticed Erica
  8587 | D:8      | HP: 2/51 [wight/+4 spear (8)]
  8587 | D:8      | Slain by a wight

Illustrated notes

Levels and vault maps discovered:
D:1:      minmay_arrival_up_and_down, layout_basic,
          shapermc_ecumenical_altar_mp_highgroup
D:2:      layout_basic, serial_rivers, chequers_serial_rivers_micro_e,
          chequers_serial_rivers_micro_d, chequers_serial_rivers_micro_a,
          chequers_serial_rivers_micro_b, chequers_serial_rivers_micro_a,
          chequers_serial_rivers_micro_e
D:3:      layout_basic, grunt_temple_overflow_open, serial_shops,
          nicolae_shop_waterfront, chequers_serial_rivers_room_a,
          minmay_crystal_room
D:4:      layout_gridville, nicolae_ashenzari_skybound,
          mainiacjoe_overflow_small_starburst, minmay_temple_entry_butterflies,
          serial_bayou_pond_a, bh_walls_and_bars
D:5:      layout_basic, mainiacjoe_overflow_alcove_2, serial_shops,
          nicolae_shop_bloodbath_and_beyond, hangedman_decor_opposing,
          nicolae_shop_unique_rings
D:6:      layout_rooms, tso_metal_star, nicolae_concentric_dashed_squares_wild
D:7:      layout_cave_pods, gammafunk_temple_overflow_wave, serial_shops,
          nicolae_take_the_stairs
D:8:      layout_basic, uniq_erica, uniq_maurice
Temple:   minmay_temple_curvy_loop

Skill      XL: |  1  2  3  4  5  6  7  8  9 |
---------------+----------------------------+-----
Short Blades   | 2 3 4 5 |  5.2
Dodging        | 3 4 5 |  5.0
Stealth        | 5 6 |  6.6
Spellcasting   | 3 4 |  4.3
Fighting       | 1 2 3 |  3.3
Hexes          | 4 5 |  5.8
Invocations    | 1 2 |  2.7
Evocations     | 1 2 3 |  3.0
Armour         | 1 |  1.9
Ice Magic      | 1 |  1.4

Action                   |  1- 3 |  4- 6 |  7- 9 || total
-------------------------+-------+-------+-------++-------
Melee: Dagger            |    74 |    88 |   162 ||   324
       Unarmed           |       |       |    13 ||    13
 Cast: Ensorcelled Hiber |     1 |    18 |    53 ||    72
       Confusing Touch   |       |     4 |    16 ||    20
 Abil: Evoke Blink       |       |     1 |       ||     1
  Use: Scroll            |       |       |     7 ||     7
 Stab: Sleeping          |    20 |    31 |    46 ||    97
       Confused          |       |     5 |    14 ||    19
Armor: Robe              |     4 |     5 |       ||     9
       Leather armour    |       |     1 |    46 ||    47
       Skin              |       |       |     2 ||     2
Dodge: Dodged            |    40 |    41 |   209 ||   290
Block: Other             |       |       |     5 ||     5

Table legend: (Time is in decaauts)
 A = Elapsed time spent in this place.
 B = Non-inter-level travel time spent in this place.
 C = Inter-level travel time spent in this place.
 D = Time resting spent in this place.
 E = Time spent auto-exploring this place.
 F = Levels seen in this place.
 G = Mean time per level.
                   A        B        C        D        E       F      G
               +--------+--------+--------+--------+--------+-----+--------+
         Total |   8535 |   7955 |    580 |    305 |   6469 |   9 |  948.3 |
       Dungeon |   8227 |   7708 |    519 |    305 |   6227 |   8 | 1028.4 |
        Temple |    308 |    248 |     60 |      0 |    242 |   1 |  308.0 |
               +--------+--------+--------+--------+--------+-----+--------+

Top non-repeatable levels by time:
     D:4: 1755 daAuts
     D:1: 1471 daAuts
     D:7: 1394 daAuts
     D:5: 1188 daAuts
     D:2: 909 daAuts
     D:6: 795 daAuts
     D:3: 494 daAuts
  Temple: 308 daAuts
     D:8: 218 daAuts
